 Dungeon Crawl Stone Soup version 0.30-a0-358-g0d69a1922f (webtiles) character file.

Game seed: 7296751397076475661

5 mopl the Sneak (level 1, 0/16 HPs)
             Began as an Octopode Delver on Nov 10, 2022.
             Was an Initiate of Vehumet.
             Slain by an iguana (8 damage)
             ... on level 4 of the Dungeon.
             The game lasted 00:00:43 (176 turns).

mopl the Sneak (Octopode Delver)                     Turns: 176, Time: 00:00:44

Health: 0/16       AC:  1    Str: 11    XL:     1   Next: 80%
Magic:  1/1        EV: 13    Int: 12    God:    Vehumet [......]
Gold:   11         SH:  0    Dex: 13    Spells: 0/0 levels left

rFire   . . .      SeeInvis .    a - +0 spear
rCold   . . .      Faith    .    (no shield)
rNeg    . . .      Spirit   .    (helmet restricted)
rPois   .          Reflect  .    (no amulet)
rElec   .          Harm     .    (no ring)
rCorr   .          Rampage  .    (no ring)
Will    .....                    (no ring)
Stlth   ++++......               (no ring)
HPRegen 0.22/turn                (no ring)
MPRegen 0.07/turn                (no ring)
                                 (no ring)
                                 (no ring)

@: no status effects
A: almost no armour, amphibious, 8 rings, camouflage 1, gelatinous body 1,
(nimble swimmer 1), tentacles
a: Renounce Religion


You were on level 4 of the Dungeon.
You worshipped Vehumet.
Vehumet was noncommittal.
You visited 2 branches of the dungeon, and saw 3 of its levels.

You collected 11 gold pieces.

Inventory:

Hand Weapons
 a - a +0 spear (weapon)
Wands
 f - a wand of digging (3)
Scrolls
 b - a scroll of fog
 c - a scroll of magic mapping
 d - a scroll of fear
 i - a scroll of blinking {unknown}
Potions
 e - a potion of haste
 g - a potion of curing {unknown}
 h - a potion of heal wounds {unknown}


   Skills:
 + Level 3.0 Fighting
 - Level 2.0 Polearms
 + Level 2.1 Dodging
 + Level 6.6 Stealth
 + Level 0.2 Spellcasting
 + Level 0.3 Evocations


You couldn't memorise any spells.
You didn't know any spells.
Your spell library was empty.

Dungeon Overview and Level Annotations

Branches:
Dungeon (5/15)             Temple (1/1) D:5

Altars:
Ashenzari
Cheibriados
Elyvilon
Makhleb
Nemelex Xobeh
Okawaru
Qazlal
Trog
Vehumet
Wu Jian
The Shining One


Innate Abilities, Weirdness & Mutations

You cannot wear most types of armour.
You are amphibious.
You can wear up to eight rings at the same time.
Your skin changes colour to match your surroundings (Stealth+).
Your rubbery body absorbs attacks. (AC +1, EV +1)
((You are camouflaged when in or above water. (Stealth+)))
You have tentacles for arms and can constrict up to eight enemies at once.


Message History

You hit the orc.
The orc is severely wounded.
You hit the orc. Your grab misses the orc.
The orc is almost dead.
The orc barely misses you.
You hit the orc but do no damage. You grab the orc.
The orc is almost dead.
You constrict the orc, but do no damage.
The orc hits you with a +0 dagger.
You hit the orc but do no damage.
The orc is almost dead.
You constrict the orc.
You kill the orc!
Vehumet accepts your kill.
You barely miss the quokka. Your grab misses the quokka.
The quokka barely misses you.
You closely miss the quokka. Your grab misses the quokka. The quokka bites you.
You barely miss the quokka. Your grab misses the quokka.
The quokka closely misses you.
You hit the quokka but do no damage. Your grab misses the quokka.
You squeeze the quokka.
The quokka is moderately wounded.
The quokka closely misses you. x2
You hit the quokka.
You kill the quokka!
Vehumet accepts your kill.
No target in view!
You start resting.
HP restored.
You see here a scroll labelled ZUKHLI BISKIHIBB.
i - a scroll labelled ZUKHLI BISKIHIBB The iguana hisses angrily.
Found 2 poisoned darts.
The iguana attacks as you move away! The iguana bites you.
The iguana attacks as you move away! The iguana bites you.
An orc comes into view. It is wielding a +0 flail.
The iguana attacks as you move away! The iguana barely misses you.
The iguana attacks as you move away! The iguana bites you!
Ouch! That really hurt!
You die...

#.#...##.....>..#
#####...##.........#
#.......##......(..#
#......####..........
###.....####........#.#..
#........#...........##..
##............##.....§...
#..o......##..##.≈≈§≈≈≈≈
##.....##.l@......≈.......
.#...!.##...###....≈.≈§§§≈.≈
.......#....# #..#.≈.≈§..≈.≈
.[.........## #..#.≈.≈§_.§.≈
(#.........# #....≈.§§..≈.≈
###.#..#..# ##<#.≈.≈≈§≈≈.≈ #
#.##...###....≈..§....≈ #.
....#......≈≈.≈≈≈≈≈≈
................)......


You could see an iguana and an orc (wandering).

Vanquished Creatures
  2 orcs
  A quokka (D:4)
3 creatures vanquished.

Notes
Turn   | Place    | Note
-------+----------+-------------------------------------------
     0 | D:5      | mopl the Octopode Delver began the quest for the Orb.
     0 | D:5      | Reached XP level 1. HP: 16/16 MP: 1/1
    30 | D:5      | Found a staircase to the Ecumenical Temple.
    37 | Temple   | Entered the Ecumenical Temple
    49 | Temple   | Became a worshipper of Vehumet
   120 | D:4      | Noticed an iguana
   129 | D:4      | Found a snail-covered altar of Cheibriados.
   176 | D:4      | Slain by an iguana

Illustrated notes

Levels and vault maps discovered:
D:4:      layout_cave_pools, mainiacjoe_overflow_concentric_impassable
D:5:      cheibrodos_quashed, layout_layer_cave, minmay_temple_entry_arrows,
          grunt_decor_arrowhead
Temple:   hellmonk_temple_rainy

Action                   || total
-------------------------++-------
Melee: Spear             ||    12
       Tentacles         ||     3
       Constrict         ||     2
 Stab: Sleeping          ||     1
Dodge: Dodged            ||     7

Table legend: (Time is in decaauts)
 A = Elapsed time spent in this place.
 B = Non-inter-level travel time spent in this place.
 C = Inter-level travel time spent in this place.
 D = Time resting spent in this place.
 E = Time spent auto-exploring this place.
 F = Levels seen in this place.
 G = Mean time per level.
                   A        B        C        D        E       F      G
               +--------+--------+--------+--------+--------+-----+--------+
         Total |    176 |    167 |      9 |     17 |     51 |   3 |   58.7 |
       Dungeon |    155 |    154 |      1 |     17 |     51 |   2 |   77.5 |
        Temple |     20 |     12 |      8 |      0 |      0 |   1 |   20.0 |
               +--------+--------+--------+--------+--------+-----+--------+

Top non-repeatable levels by time:
     D:5: 84 daAuts
     D:4: 70 daAuts
  Temple: 20 daAuts
